Map: Dusk Towers

Players

Grumm - Winner!

  • Race: Protoss Protoss
  • League: Gold

Endurero

  • Race: Terran Terran
  • League: Gold

VOD

Have the link to the VOD?

Description

Time

  • Played on: Jan. 21, 2016, 1:03 p.m.
  • Length: 7:17
Show
View Real Time Build Order
Export as new Build Order

Grumm Protoss - Winner!

Build Orders: 1 Gate Expand, Nexus First 

Get SALT Encoding   

  12  0:01  Probe (Chrono Boost)  
  13  0:11  Probe (Chrono Boost)  
  14  0:22  Probe (Chrono Boost)  
  14  0:24  Pylon  
  15  0:44  Gateway  
  15  1:03  Nexus  
  15  1:08  Probe (Chrono Boost)  
  16  1:15  Assimilator  
  17  1:18  Probe (Chrono Boost)  
  17  1:29  Probe (Chrono Boost)  
  18  1:35  Cybernetics Core  
  18  1:43  Forge  
  18  1:47  Probe (Chrono Boost)  
  19  1:58  Probe (Chrono Boost)  
  20  2:09  Probe (Chrono Boost)  
  21  2:16  Photon Cannon  
  21  2:23  Pylon  
  21  2:26  Photon Cannon  
  21  2:28  Probe (Chrono Boost)  
  21  2:29  Probe (Chrono Boost)  
  23  2:35  Assimilator  
  23  2:39  Probe (Chrono Boost)  
  23  2:40  Probe (Chrono Boost)  
  23  2:42  Assimilator  
  25  2:50  Probe (Chrono Boost)  
  25  2:51  Probe (Chrono Boost)  
  27  3:01  Probe (Chrono Boost)  
  27  3:05  Gateway  
  28  3:06  Probe (Chrono Boost)  
  28  3:11  Probe (Chrono Boost)  
  30  3:14  Stalker  
  34  3:20  Mothership Core (Chrono Boost)  
  34  3:22  Probe (Chrono Boost)  
  35  3:32  Pylon  
  35  3:37  Pylon  
  35  3:50  Warp Gate (Chrono Boost)  
  35  3:53  Probe x2 (Chrono Boost)  
  35  3:55  Stalker x2  
  41  4:04  Pylon  
  41  4:10  Photon Cannon  
  41  4:12  Probe x2 (Chrono Boost)  
  41  4:14  Photon Cannon  
  43  4:21  Robotics Facility  
  43  4:25  Assimilator  
  43  4:38  Probe x2  
  45  4:39  Protoss Ground Armor Level 1  
  45  4:42  Stalker  
  45  4:44  Zealot  
  49  4:50  Probe x2  
  51  5:02  Probe  
  51  5:04  Pylon  
  52  5:11  Nexus  
  52  5:13  Probe  
  53  5:14  Probe  
  58  5:29  Immortal (Chrono Boost)  
  58  5:34  Pylon  
  58  5:38  Pylon  
  58  5:40  Photon Cannon  
  50  6:08  Probe  
  51  6:12  Pylon  
  51  6:15  Photon Cannon  
  51  6:18  Pylon  
  49  6:22  Mothership Core  
  51  6:27  Immortal (Chrono Boost)  
  51  6:32  Probe  
  54  6:42  Stalker  
  54  6:43  Probe  
  54  6:44  Probe  
  58  6:55  Probe  
Show
View Real Time Build Order
Export as new Build Order

Endurero Terran 

Build Orders:  

Get SALT Encoding   

  12  0:02  SCV  
  14  0:14  SCV  
  14  0:26  Supply Depot, SCV  
  15  0:38  Refinery  
  15  0:47  SCV  
  15  0:49  Barracks  
  16  1:00  SCV  
  17  1:12  SCV  
  18  1:19  Supply Depot  
  18  1:24  SCV  
  19  1:28  Barracks  
  19  1:44  Orbital Command, Barracks Tech Lab  
  19  2:06  Marauder  
  21  2:08  Stimpack  
  21  2:12  SCV  
  22  2:24  SCV  
  22  2:25  Barracks Tech Lab  
  22  2:29  Barracks  
  25  2:30  Marauder  
  25  2:38  SCV  
  25  2:39  Engineering Bay  
  26  2:49  Marauder  
  26  2:50  SCV  
  29  2:54  Concussive Shells  
  29  3:02  Supply Depot, SCV  
  29  3:04  Refinery  
  30  3:08  Marine  
  31  3:22  Missile Turret  
  31  3:25  Barracks Reactor  
  31  3:35  SCV  
  32  3:41  Terran Infantry Weapons Level 1  
  32  3:44  Marauder  
  34  3:51  Marauder  
  36  4:09  Marine x2  
  38  4:10  Supply Depot  
  38  4:24  Marauder x2  
  42  4:26  Marine  
  42  4:27  Marine  
  44  4:44  Marine x2  
  44  4:45  Marauder x2  
  50  4:50  Supply Depot  
  50  5:02  Marine x2  
  50  5:06  Marauder  
  54  5:11  Marauder  
  56  5:20  Marine x2  
  58  5:28  Marauder  
  60  5:33  Marauder  
  62  5:38  Marine  
  63  5:46  Marine  
  63  5:49  Marauder  
  60  5:54  Marine  
  60  5:55  Marine  
  47  6:04  Marine  
  47  6:11  Marauder  
  48  6:12  Marauder  
  48  6:13  Marine  
  49  6:22  Marine  
  42  6:31  Marine  
  42  6:32  Marauder  
  43  6:33  Marauder  
  45  6:40  Marine  
  45  6:49  Marine  
  45  6:53  Marauder  
  41  6:54  Marine  
  42  6:58  Marine  
Tags
 
Add a new tag
Caveats
  • Supply blocks, unpowered buildings, or Contaminate may cause inaccurate times.
  • Supply counts are checked every 10 seconds.